 Dungeon Crawl Stone Soup version 0.28-a0-503-g83f2989fac (webtiles) character file.

Game seed: 12703134891308589412

380 spiderkeys the Skirmisher (level 6, -12/44 HPs)
             Began as an Octopode Abyssal Knight on Sept 20, 2021.
             Was a Follower of Lugonu.
             Killed from afar by a blizzard demon (14 damage)
             ... with a bolt of cold
             ... on level 3 of the Abyss.
             The game lasted 00:01:36 (250 turns).

spiderkeys the Skirmisher (Octopode Abyssal Knight)  Turns: 250, Time: 00:01:37

Health: -12/44     AC:  1    Str: 14    XL:     6   Next: 75%
Magic:  9/9        EV: 14    Int: 13    God:    Lugonu [*.....]
Gold:   26         SH:  0    Dex: 12    Spells: 5/5 levels left

rFire   . . .      SeeInvis .     - Unarmed
rCold   . . .      Faith    .   (no shield)
rNeg    . . .      Spirit   .   (helmet restricted)
rPois   .          Reflect  .   (no amulet)
rElec   .          Harm     .   (no ring)
rCorr   .          Rampage  .   (no ring)
Will    .....                   (no ring)
Stlth   ++........              (no ring)
HPRegen 0.14/turn               (no ring)
MPRegen 0.11/turn               (no ring)
                                (no ring)
                                (no ring)

@: no status effects
A: almost no armour, amphibious, 8 rings, camouflage 1, gelatinous body 1,
(nimble swimmer 1), tentacles
a: Renounce Religion, Depart the Abyss


You were on level 3 of the Abyss.
You worshipped Lugonu.
Lugonu was aware of your devotion.
You visited 0 branches of the dungeon, and saw 0 of its levels.
You visited the Abyss 1 time.

You collected 26 gold pieces.


Innate Abilities, Weirdness & Mutations

You cannot wear most types of armour.
You are amphibious.
You can wear up to eight rings at the same time.
Your skin changes colour to match your surroundings (Stealth+).
Your rubbery body absorbs attacks. (AC +1, EV +1)
((You are camouflaged near water. (Stealth+)))
You have tentacles for arms and can constrict up to eight enemies at once.


   Skills:
 + Level 4.4 Fighting
 + Level 4.0 Dodging
 + Level 3.8 Unarmed Combat
 + Level 4.1 Invocations


You had 5 spell levels left.
You didn't know any spells.
Your spell library contained the following spells:

 Spells                   Type           Power      Damage    Failure   Level
 Passwall                 Tmut/Erth      0%         N/A       43%         2
 Swiftness                Air            0%         N/A       67%         3
 Invisibility             Hex            0%         N/A       100%        6

Inventory:

Hand Weapons
 d - a +0 battleaxe
   (You found it on level 2 of the Abyss)
Missiles
 a - 17 bolts
Potions
 b - a potion of cancellation {unknown}

Dungeon Overview and Level Annotations

Branches:
Dungeon (0/15)

Altars:

..## .# ## ...## #.# ..
# ..# #..# . ##. .. .#
#.#§§. ≈≈.#
....#####.#..#####♣≈≈.#
#..... #.#.#...#..≈≈≈##
## #.. ##..#.#......≈".
#.#. .##....2...# ##
....#......@#
...#.#....##....._#
...##.#.#...#.#.##..≈
.# .###..###.##.# ###
#... ..#...#..##
.##.####.##. #.# .. # .
.##. ... .....


You could see a blizzard demon.


Message History

The quasit claws you. 😕 HP[-1]
You take 1 damage, and now have 36/37 hp.
You barely miss the quasit. You squeeze the quasit.
You constrict the quasit, but do no damage.
Your thrashing horror tramples the ancient zyme!
The ancient zyme holds its ground!
Your thrashing horror tramples the ancient zyme.
The ancient zyme is shoved backwards!
Your thrashing horror tramples the ancient zyme!
The ancient zyme holds its ground!
The ancient zyme is destroyed!
Your thrashing horror barely misses the quasit.
Your thrashing horror tramples the quasit.
The quasit is held in place!
The quasit barely misses your thrashing horror. x2
The quasit claws your thrashing horror but does no damage.
Your Fighting skill increases to level 4!
Your Invocations skill increases to level 4!
You have reached level 6!
Your experience leads to an increase in your attributes!
Increase (S)trength, (I)ntelligence, or (D)exterity?
You feel stronger. 😕 HP[+7]
You now have 44 max hp (+7).
You regained 7 hp, and now have 43/44 hp.
You barely miss the quasit.
The substance of the Abyss twists violently, and a gateway leading out appears!
You constrict the quasit.
Your thrashing horror tramples the quasit!
The quasit is held in place!
The quasit dies!
Your Dodging skill increases to level 4!
You swap places. 😕 MP[+1] 😎 HP[+1]
Your hp is fully restored (44).
You are suddenly pulled into a different region of the Abyss!
You aren't carrying any scrolls.
A lurking horror comes into view. 😎 MP[+3]
You regained 3 mp, and now have 6/9 mp. 😎 MP[+1] 😎 MP[+1]
A raiju comes into view. 😎 MP[+1]
Your mp is fully restored (9).
Found a gateway leading deeper into the Abyss.
A tentacled starspawn comes into view.
A tentacle flies out from the starspawn's body!
A starspawn tentacle comes into view.
The starspawn tentacle grabs you. The starspawn tentacle constricts you.
A starspawn tentacle comes into view. 😕 HP[-3]
You take 3 damage, and now have 41/44 hp.
You tentacle-slap the starspawn tentacle.
You squeeze the starspawn tentacle, but do no damage.
The starspawn tentacle loses its grip on you.
The tentacle pulls you backwards!
The starspawn tentacle closely misses you.
Unknown command.
The tentacled starspawn bites you!
The tentacled starspawn barely misses you.
The starspawn tentacle closely misses you.
You plunge deeper into the Abyss.
The abyssal rune of Zot can be found at this depth. 😮 HP[-16]
You take 16 damage, and now have 25/44 hp.
MASSIVE DAMAGE!! (PAUSE)
You start resting.
A starcursed mass appears in a shower of sparks. 😮 HP[+2]
You regained 2 hp, and now have 27/44 hp. 😮 HP[+1] 😮 HP[+1]
A thrashing horror comes into view. 😮 HP[+1]
A thrashing horror comes into view.
You see here a +3 spear. 😮 HP[+1]
c - a scroll labelled AROOGU DALLAENN
As you read the scroll labelled AROOGU DALLAENN, it crumbles to dust.
You assume a fearsome visage.
Nothing appears to happen.
It was a scroll of fear. 😮 HP[+1]
Found a gateway leading deeper into the Abyss.
Found a corrupted altar of Lugonu.
A blizzard demon comes into view. 😮 HP[+1]
The blizzard demon gestures at you. The bolt of lightning hits you!!
Ouch! That really hurt!
* * * LOW HITPOINT WARNING * * *
😱 HP[-31]
You take 31 damage, and now have 2/44 hp.
MASSIVE DAMAGE!! (PAUSE)
The blizzard demon gestures at you. The bolt of cold hits you!
You die...

Skill      XL: |  1  2  3  4  5  6 |
---------------+-------------------+-----
Dodging        | 3 4 |  4.0
Unarmed Combat | 3 |  3.8
Invocations    | 3 4 |  4.1
Fighting       | 4 |  4.4

Action                   |  1- 3 |  4- 6 || total
-------------------------+-------+-------++-------
Melee: Unarmed           |       |     4 ||     4
       Tentacles         |       |     2 ||     2
       Constrict         |       |     1 ||     1
  Use: Scroll            |     1 |     1 ||     2
Armor: Skin              |       |     1 ||     1
Dodge: Dodged            |       |     7 ||     7

Levels and vault maps discovered:
Abyss:3:  base:
Temple

Notes
Turn   | Place    | Note
-------+----------+-------------------------------------------
     0 | Abyss:1  | spiderkeys the Octopode Abyssal Knight began the quest for
                  | the Orb.
     0 | Abyss:1  | Reached XP level 1. HP: 16/16 MP: 2/2
     0 | Abyss:1  | magus.rc [v1.9.10]
     4 | Abyss:1  | You pick up a book of Burglary and begin reading...
     4 | Abyss:1  | You add the spells Passwall, Swiftness and Invisibility to
                  | your library.
    59 | Abyss:2  | Noticed a soul eater
    62 | Abyss:2  | Noticed a juggernaut zombie
    63 | Abyss:2  | Found a corrupted altar of Lugonu.
    80 | Abyss:2  | Noticed a large abomination
   105 | Abyss:2  | Killed a large abomination
   106 | Abyss:2  | Reached skill level 3 in Dodging
   106 | Abyss:2  | Reached skill level 3 in Unarmed Combat
   106 | Abyss:2  | Reached skill level 3 in Invocations
   106 | Abyss:2  | Reached XP level 2. HP: 22/22 MP: 2/4
   106 | Abyss:2  | Reached XP level 3. HP: 27/27 MP: 2/5
   106 | Abyss:2  | Reached XP level 4. HP: 33/33 MP: 2/6
   106 | Abyss:2  | Reached XP level 5. HP: 37/37 MP: 2/7
   109 | Abyss:2  | Noticed an ancient zyme
   113 | Abyss:2  | Killed an ancient zyme
   114 | Abyss:2  | Reached skill level 4 in Fighting
   114 | Abyss:2  | Reached skill level 4 in Invocations
   114 | Abyss:2  | Reached XP level 6. HP: 43/44 MP: 2/9
   115 | Abyss:2  | Reached skill level 4 in Dodging
   162 | Abyss:2  | Noticed a raiju
   186 | Abyss:2  | Noticed a tentacled starspawn
   211 | Abyss:3  | Noticed a starcursed mass
   225 | Abyss:3  | Noticed a thrashing horror
   226 | Abyss:3  | Noticed a thrashing horror
   244 | Abyss:3  | Found a corrupted altar of Lugonu.
   245 | Abyss:3  | Noticed a blizzard demon
   247 | Abyss:3  | HP: 2/44 [blizzard demon/bolt of lightning (31)]
   250 | Abyss:3  | Killed from afar by a blizzard demon

Vanquished Creatures (collateral kills)
  An ancient zyme (Abyss:2)
  A large abomination (Abyss:2)
  A quasit (Abyss:2)
3 creatures vanquished.

Table legend:
 A = Non-vault XP
 B = Vault XP
 C = Vault XP percentage of total XP
 D = Non-vault monster count
 E = Vault monster count
 F = Vault count percentage of total count
                 A         B        C        D         E       F
            +---------+---------+-------+---------+---------+-------
      Total |     543 |       0 |   0.0 |       3 |       0 |   0.0
            +---------+---------+-------+---------+---------+-------
    Abyss:2 |     543 |       0 |   0.0 |       3 |       0 |   0.0
            +---------+---------+-------+---------+---------+-------

Illustrated notes

Table legend:
 A = Kills in this place as a percentage of kills in entire the game.
 B = Kills by you in this place as a percentage of kills by you in the entire game.
 C = Kills by friends in this place as a percentage of kills by friends in the entire game.
 D = Other kills in this place as a percentage of other kills in the entire game.
 E = Experience gained in this place as a percentage of experience gained in the entire game.
 F = Experience gained in this place divided by the number of levels of this place that you have seen.
                   A       B       C       D       E      F
               +-------+-------+-------+-------+-------+----------------------
         Total | 100.0 |   N/A | 100.0 |   N/A | 100.0 | 181.0
         Abyss | 100.0 |   N/A | 100.0 |   N/A | 100.0 | 181.0
               +-------+-------+-------+-------+-------+----------------------

Table legend: (Time is in decaauts)
 A = Elapsed time spent in this place.
 B = Non-inter-level travel time spent in this place.
 C = Inter-level travel time spent in this place.
 D = Time resting spent in this place.
 E = Time spent auto-exploring this place.
 F = Levels seen in this place.
 G = Mean time per level.
                   A        B        C        D        E       F      G
               +--------+--------+--------+--------+--------+-----+--------+
         Total |    249 |    249 |      0 |     19 |     62 |   3 |   83.0 |
         Abyss |    249 |    249 |      0 |     19 |     62 |   3 |   83.0 |
               +--------+--------+--------+--------+--------+-----+--------+

Top non-repeatable levels by time:
 Abyss:2: 155 daAuts
 Abyss:3: 59 daAuts
 Abyss:1: 34 daAuts
